AoeStats
← Blyad _Mann

Oasis

508668595Analyzed
4v4 RM · 8d ago on Sep 23, 2026· 41m 33s· 8 players
Game mode
Random Map
Map size
Large (8 player)
Population
200
Speed
Normal
Resources
Standard
Victory
Conquest
Starting age
Dark Age
Ending age
Imperial Age
RankedLock teamsTeams togetherTeam positionsShared explorationLock speedFull tech treeHidden civsTurbo modeCheats
Victory
Defeat
🇺🇸 Turks · United States
1085
+14
🇩🇪 Persians · Germany
1083
+14
🇪🇸 Cumans · Spain
1009
+17
🇳🇱 Danes · Netherlands
994
+18
🇨🇳 Ethiopians · China
1125
-18
🇨🇳 Khmer · China
1019
-15
🇻🇳 Goths · Vietnam
1017
-15
🇨🇳 Franks · China
1009
-15
w
0:28 Loom
12:13 Feudal Age
17:04 Castle Age
16:20 Double-Bit Axe
16:17 Horse Collar
19:09 Bow Saw
21:07 Heavy Plow
25:04 Wheelbarrow
26:45 Stone Mining
26:50 Gold Mining
32:51 Imperial Age
30:43 Ballistics
30:34 Fortified Wall
30:53 Fletching
31:03 Padded Archer Armor
32:05 Gold Shaft Mining
31:49 Hand Cart
31:47 Fortified Wall
31:48 Bodkin Arrow
31:57 Bodkin Arrow
32:52 Leather Archer Armor
32:54 Crossbowman
35:04 Stone Shaft Mining
34:04 Arbalester
37:43 Chemistry
37:13 Thumb Ring
37:17 Bracer
37:48 Ring Archer Armor
37:24 Husbandry
37:41 Forging
37:37 Scale Barding Armor
39:09 Iron Casting
38:30 Halberdier
39:10 Squires
39:18 Scale Mail Armor
41:02 Conscription
冬至
2:06 Loom
10:27 Feudal Age
11:04 Double-Bit Axe
15:08 Horse Collar
23:05 Castle Age
23:37 Pikeman
24:26 Squires
26:59 Bow Saw
27:00 Heavy Plow
31:37 Forging
31:30 Scale Mail Armor
33:00 Wheelbarrow
32:34 Gold Mining
33:23 Iron Casting
35:24 Hand Cart
34:56 Town Watch
Kzzi
13:45 Feudal Age
15:25 Double-Bit Axe
16:18 Wheelbarrow
19:07 Castle Age
20:11 Hand Cart
20:08 Bow Saw
28:28 Gold Mining
28:29 Stone Mining
28:57 Scale Barding Armor
29:02 Forging
29:34 Caravan
31:46 Chain Barding Armor
32:01 Iron Casting
34:13 Imperial Age
37:41 Cavalier
39:31 Husbandry
40:17 Plate Barding Armor
40:42 Blast Furnace
39:07 Paladin
39:34 Pikeman
40:15 Squires
40:35 Halberdier
41:30 Scale Mail Armor
President of USA
3:02 Loom
13:09 Feudal Age
13:48 Double-Bit Axe
16:27 Castle Age
14:32 Horse Collar
17:42 Bow Saw
17:37 Heavy Plow
19:54 Wheelbarrow
26:21 Gold Mining
29:07 Imperial Age
27:01 Scale Barding Armor
27:22 Fletching
28:07 Husbandry
28:51 Gold Shaft Mining
28:30 Forging
28:48 Hand Cart
28:36 Stone Mining
29:13 Bloodlines
30:30 Chain Barding Armor
30:46 Ballistics
32:22 Chemistry
32:03 Conscription
32:13 Town Watch
34:13 Crop Rotation
34:28 Plate Barding Armor
33:50 Murder Holes
34:01 Siege Engineers
34:23 Double Crossbow
Blyad _Mann
0:28 Loom
15:47 Feudal Age
17:05 Double-Bit Axe
17:04 Horse Collar
17:17 Stone Mining
17:19 Gold Mining
21:42 Castle Age
24:13 Wheelbarrow
25:00 Heavy Plow
26:18 Bow Saw
29:25 Hand Cart
32:08 Imperial Age
29:48 Fletching
30:08 Forging
29:58 Scale Mail Armor
30:46 Scale Mail Armor
31:18 Hamask
33:02 Chain Mail Armor
33:22 Iron Casting
32:52 Squires
32:37 Arson
32:55 Squires
33:23 Hand Cart
34:00 Conscription
34:17 Gambesons
35:39 Plate Mail Armor
36:09 Blast Furnace
36:05 Bodkin Arrow
35:34 Elite Varangian Guard
38:57 Elite Jomsviking
kkfloauer
3:48 Loom
10:47 Feudal Age
11:58 Wheelbarrow
11:22 Double-Bit Axe
11:49 Horse Collar
18:19 Castle Age
16:36 Stone Mining
19:22 Bow Saw
19:28 Hand Cart
22:51 Gold Mining
23:38 Stone Shaft Mining
24:16 Town Watch
28:20 Gold Shaft Mining
28:18 Town Patrol
31:17 Imperial Age
30:07 Forging
30:02 Scale Barding Armor
30:17 Heavy Plow
30:36 Caravan
31:36 Ballistics
31:29 Masonry
32:02 Iron Casting
31:52 Chain Barding Armor
32:35 Two-Man Saw
30:59 Elite War Elephant
33:48 Blast Furnace
33:25 Plate Barding Armor
35:16 Crop Rotation
38:06 Cavalier
38:57 Bloodlines
38:48 Husbandry
40:02 Savar
fundopando
9:29 Loom
11:45 Feudal Age
18:39 Wheelbarrow
20:31 Castle Age
27:03 Imperial Age
24:58 Double-Bit Axe
24:57 Horse Collar
26:49 Bow Saw
26:45 Heavy Plow
26:41 Gold Mining
27:36 Hand Cart
28:26 Bloodlines
29:47 Scale Barding Armor
30:22 Elite Steppe Lancer
34:19 Capped Ram
38:05 Siege Ram
40:26 Chain Barding Armor
40:18 Forging
41:59 Plate Barding Armor
JustOutOfRange
8:14 Loom
10:43 Feudal Age
11:23 Double-Bit Axe
12:37 Bloodlines
15:44 Forging
15:39 Scale Barding Armor
17:40 Scale Barding Armor
18:22 Horse Collar
23:58 Castle Age
22:42 Gold Mining
28:02 Imperial Age
25:58 Husbandry
28:52 Wheelbarrow
28:32 Padded Archer Armor
28:55 Chain Barding Armor
31:07 Bow Saw
34:36 Leather Archer Armor
34:56 Plate Barding Armor
34:57 Iron Casting
36:40 Heavy Plow
38:20 Ring Archer Armor
38:50 Blast Furnace
39:57 Town Watch
40:28 Hand Cart
Connection lost

Rejoining the realm…

Still unreachable

The connection could not be restored.

Session expired

The server has moved on; the page needs a fresh start.